 Dungeon Crawl Stone Soup version 0.29.1-12-g30fa7ad0bf (webtiles) character file.

Game seed: 12082274385199457052

23 xzight the Shield-Bearer (level 3, -1/35 HPs)
             Began as a Gnoll Fighter on Dec 29, 2022.
             Slain by a hobgoblin (4 damage)
             ... on level 1 of the Dungeon.
             The game lasted 00:00:38 (416 turns).

xzight the Shield-Bearer (Gnoll Fighter)             Turns: 416, Time: 00:00:39

Health: -1/35      AC:  7    Str: 15    XL:     3   Next: 0%
Magic:  3/3        EV:  9    Int:  9    God:
Gold:   21         SH:  5    Dex: 11    Spells: 3/3 levels left

rFire   . . .      SeeInvis .   a - +0 trident
rCold   . . .      Faith    .   c - +0 buckler
rNeg    . . .      Spirit   .   b - +0 scale mail
rPois   .          Reflect  .   (no helmet)
rElec   .          Harm     .   (no cloak)
rCorr   .          Rampage  .   (no gloves)
Will    .....                   (no boots)
Stlth   ..........              (no amulet)
HPRegen 0.11/turn               (no ring)
MPRegen 0.08/turn               (no ring)

@: no status effects
A: fangs 1, strong nose, distributed training
a: no special abilities


You were on level 1 of the Dungeon.
You visited 1 branch of the dungeon, and saw 2 of its levels.

You collected 21 gold pieces.


Innate Abilities, Weirdness & Mutations

You have very sharp teeth.
Your uncanny sense of smell can sniff out nearby items.
Your experience applies equally to all skills.


   Skills:
 + Level 6.5 Fighting
 + Level 0.6 Short Blades
 + Level 0.6 Long Blades
 + Level 0.6 Axes
 + Level 0.6 Maces & Flails
 + Level 4.5 Polearms
 + Level 0.6 Staves
 + Level 0.6 Ranged Weapons
 + Level 0.6 Throwing
 + Level 6.5 Armour
 + Level 0.6 Dodging
 + Level 0.6 Stealth
 + Level 6.5 Shields
 + Level 0.6 Unarmed Combat
 + Level 0.6 Spellcasting
 + Level 0.4 Conjurations
 + Level 0.4 Hexes
 + Level 0.4 Summonings
 + Level 0.4 Necromancy
 + Level 0.4 Translocations
 + Level 0.4 Transmutations
 + Level 0.4 Fire Magic
 + Level 0.4 Ice Magic
 + Level 0.4 Air Magic
 + Level 0.4 Earth Magic
 + Level 0.4 Poison Magic
 + Level 0.8 Invocations
 + Level 0.6 Evocations


You had 3 spell levels left.
You didn't know any spells.
Your spell library was empty.

Inventory:

Hand Weapons
 a - a +0 trident (weapon)
 e - the +7 dagger of Yeast {chaos, rC+ Will+ Str+2 Int+3}
   (You found it on level 2 of the Dungeon)

   Each time it hits an enemy it has a different, random effect.
   Str:       It affects your strength (+2).
   Int:       It affects your intelligence (+3).
   rC:        It protects you from cold.
   Will:      It increases your willpower.
Armour
 b - a +0 scale mail (worn)
 c - a +0 buckler (worn)
Jewellery
 f - an amulet of magic regeneration
Scrolls
 i - a scroll of noise {unknown}
 j - a scroll of poison {unknown}
Potions
 d - a potion of might
 g - a potion of mutation {unknown}
 h - 2 potions of heal wounds {unknown}

Dungeon Overview and Level Annotations

Branches:
Dungeon (2/15)

Altars:

######### #........
#........
#######........
......B@.......
......gā€ ā€ ...###
.......ā–“.##.#
.....(. āš‘## ..
....... #.. ..#
.... .......
..##..###.#.#
....... ###
........
........#####......
...........#


You could see a giant cockroach and a hobgoblin.


Message History

The hobgoblin hits you but does no damage.
You block the frilled lizard's attack.
You closely miss the hobgoblin.
The hobgoblin is almost dead.
You block the bat's attack. You block the giant cockroach's attack.
The frilled lizard completely misses you.
The hobgoblin hits you.
* * * LOW HITPOINT WARNING * * *
You barely miss the hobgoblin.
The hobgoblin is almost dead.
The bat completely misses you. You block the giant cockroach's attack.
The frilled lizard bites you but does no damage.
The hobgoblin barely misses you.
You puncture the bat!
You kill the bat!
The giant cockroach bites you but does no damage.
You block the frilled lizard's attack. The hobgoblin completely misses you.
You block the giant cockroach's attack.
You hit the frilled lizard.
You kill the frilled lizard!
You block the giant cockroach's attack. The hobgoblin barely misses you.
You have reached level 3!
Your experience leads to an increase in your attributes!
Increase (S)trength, (I)ntelligence, or (D)exterity?
You feel clever. x2
You closely miss the hobgoblin.
You bite the hobgoblin, but do no damage.
The hobgoblin is almost dead.
You block the giant cockroach's attack. The hobgoblin hits you.
You die...

Action                   || total
-------------------------++-------
Melee: Trident           ||    41
       Bite              ||     3
Armor: Scale mail        ||    34
Dodge: Dodged            ||    26
Block: Buckler           ||    19

Levels and vault maps discovered:
D:1:      ebering_hopf_link, layout_basic, serial_shops, shop_fountains,
          ebering_ecumenical_altar_rust, hex_large
D:2:      layout_loops_ring, minmay_misc_feat_more_columns, minmay_between

Notes
Turn   | Place    | Note
-------+----------+-------------------------------------------
     0 | D:1      | xzight the Gnoll Fighter began the quest for the Orb.
     0 | D:1      | Reached XP level 1. HP: 23/23 MP: 1/1
     2 | D:1      | You fall into a shaft and drop 1 floor!
     6 | D:2      | Identified the +7 dagger of Yeast {chaos, rC+ Will+ Str+2
                  | Int+3}
   123 | D:2      | Reached XP level 2. HP: 22/29 MP: 2/2
   397 | D:1      | Found a faded altar of an unknown god.
   412 | D:1      | HP: 2/29 [hobgoblin (3)]
   416 | D:1      | Reached XP level 3. HP: 3/35 MP: 3/3
   416 | D:1      | Slain by a hobgoblin

Vanquished Creatures
  2 worms (D:2)
  A dart slug (D:1)
  A bat (D:1)
  2 endoplasms (D:2)
  2 giant cockroaches
  2 hobgoblins (D:2)
  2 kobolds
  A quokka (D:1)
  A frilled lizard (D:1)
  A rat (D:1)
15 creatures vanquished.

Table legend: (Time is in decaauts)
 A = Elapsed time spent in this place.
 B = Non-inter-level travel time spent in this place.
 C = Inter-level travel time spent in this place.
 D = Time resting spent in this place.
 E = Time spent auto-exploring this place.
 F = Levels seen in this place.
 G = Mean time per level.
                   A        B        C        D        E       F      G
               +--------+--------+--------+--------+--------+-----+--------+
         Total |    419 |    419 |      0 |      0 |    338 |   2 |  209.5 |
       Dungeon |    419 |    419 |      0 |      0 |    338 |   2 |  209.5 |
               +--------+--------+--------+--------+--------+-----+--------+

Top non-repeatable levels by time:
     D:2: 397 daAuts
     D:1: 22 daAuts

Table legend:
 A = Non-vault XP
 B = Vault XP
 C = Vault XP percentage of total XP
 D = Non-vault monster count
 E = Vault monster count
 F = Vault count percentage of total count
                 A         B        C        D         E       F
            +---------+---------+-------+---------+---------+-------
      Total |      26 |       8 |  23.5 |      11 |       4 |  26.7
            +---------+---------+-------+---------+---------+-------
        D:1 |      12 |       0 |   0.0 |       7 |       0 |   0.0
        D:2 |      14 |       8 |  36.4 |       4 |       4 |  50.0
            +---------+---------+-------+---------+---------+-------
